 Dungeon Crawl Stone Soup version 0.23.1-44-gbd83930989 (webtiles) character file.

Game seed: 14720518809740243697

149 DobroLive the Magician (level 5, 34/35 HPs)
             Began as a Demonspawn Wizard on Mar 31, 2019.
             Quit the game on level 4 of the Dungeon.
             The game lasted 00:08:29 (4071 turns).

DobroLive the Magician (Demonspawn Wizard)          Turns: 4071, Time: 00:08:30

Health: 34/35      AC:  5    Str:  8    XL:     5   Next: 9%
Magic:  4/11       EV: 12    Int: 20    God:
Gold:   133        SH:  0    Dex: 11    Spells: 3/12 levels left

rFire    . . .     SeeInvis .   q - +1 spear (pierce)
rCold    . . .     Gourm    .   (no shield)
rNeg     . . .     Faith    .   a - +0 robe
rPois    .         Spirit   .   t - +1 hat
rElec    .         Reflect  .   (no cloak)
rCorr    +         Harm     .   (no gloves)
MR       .....                  (no boots)
Stlth    ++........             (no amulet)
HPRegen  0.11/turn              c - ring of resist corrosion
MPRegen  0.12/turn              (no ring)

@: very slightly contaminated
A: antennae 1, yellow scales 1, demonic guardian 1, powered by pain 1
a: no special abilities


You were on level 4 of the Dungeon.
You were not hungry.

You visited 1 branch of the dungeon, and saw 4 of its levels.

You collected 133 gold pieces.

Inventory:

Hand Weapons
 g - a +2 vampiric dagger
 m - a +0 club
 q - a +1 spear of piercing (weapon)
Missiles
 k - 8 javelins (quivered)
Armour
 a - a +0 robe (worn)
 n - a +0 buckler
 t - a +1 hat (worn)
Jewellery
 c - a ring of resist corrosion (left hand)
Scrolls
 e - 3 scrolls of blinking {unknown}
 f - 4 scrolls of identify {unknown}
 h - 5 scrolls of remove curse {unknown}
 i - 2 scrolls of teleportation {unknown}
 j - 2 scrolls of amnesia {unknown}
 p - 2 scrolls of enchant armour {unknown}
 s - a scroll of random uselessness {unknown}
 v - a scroll of fog {unknown}
Potions
 b - 2 potions of mutation {unknown}
 l - a potion of curing {unknown}
 r - 2 potions of flight {unknown}
 u - a potion of lignification {unknown}
Comestibles
 d - 7 rations


   Skills:
 - Level 1.7 Dodging
 - Level 1.7 Stealth
 + Level 4.4 Spellcasting
 + Level 3.5 Conjurations
   Level 1.0 Summonings
 - Level 0.8 Translocations


You had 3 spell levels left.
You knew the following spells:

 Your Spells              Type           Power        Failure   Level  Hunger
a - Magic Dart            Conj           ###.         3%          1    None
b - Blink                 Tloc           N/A          13%         2    #......
c - Conjure Flame         Conj/Fire      ##......     19%         3    ###....
d - Mephitic Cloud        Conj/Pois/Air  #.......     22%         3    ###....

Your spell library contained the following spells:

 Spells                   Type           Power        Failure   Level  Hunger
 Call Imp                 Summ           #.......     12%         2    #......
 Slow                     Hex            #.......     19%         2    #......


Dungeon Overview and Level Annotations

Branches:
Dungeon (4/15)
 Temple: D:4-7

Altars:
Vehumet
Wu Jian

Annotations:
D:3 exclusion: phantom


Innate Abilities, Weirdness & Mutations

You have a pair of small antennae on your head.
You are partially covered in yellow scales. (AC +2)
A weak demonic guardian rushes to your aid.
You sometimes gain a little power by taking damage.


Message History

Casting: Magic Dart (safe; 3% risk of failure)
Confirm with . or Enter, or press ? or * to list all spells.
Aiming: Magic Dart (safe; 3% risk of failure)
Press: ? - help, Shift-Dir - straight line, f/p - bullfrog skeleton
Aim: a bullfrog skeleton (lightly damaged)
The magic dart hits the bullfrog skeleton.
The bullfrog skeleton is moderately damaged.
Casting: Magic Dart (safe; 3% risk of failure)
Confirm with . or Enter, or press ? or * to list all spells.
Aiming: Conjure Flame (safe; 19% risk of failure)
Press: ? - help, Dir - move target cursor, p - bullfrog skeleton The fire ignites!
The bullfrog skeleton is engulfed in blazing flames.
The bullfrog skeleton hits you.
The bullfrog skeleton is engulfed in blazing flames.
You destroy the bullfrog skeleton!
You have reached level 5!
Your demonic ancestry asserts itself...
You feel the presence of a demonic guardian.
Are you sure you want to abandon this character and quit the game? (Confirm with "yes".)

.... ....
... . ..
... ##.
....# ..#
_.%...##ยง#
#..@.#
#..#<#
#..### #..
... ....
#####


There were no monsters in sight!

Vanquished Creatures
  A bullfrog skeleton (D:4)
  3 gnolls (D:2)
  3 adders
  An ooze (D:3)
  A worm (D:2)
  2 dart slugs
  3 leopard geckos
  7 bats
  2 giant cockroaches
  7 goblins
  7 hobgoblins
  A jackal (D:1)
  6 kobolds
  2 quokkas (D:2)
  3 frilled lizards
  3 rats
52 creatures vanquished.

Notes
Turn   | Place    | Note
-------+----------+-------------------------------------------
     0 | D:1      | DobroLive the Demonspawn Wizard began the quest for the
                  | Orb.
     0 | D:1      | Reached XP level 1. HP: 13/13 MP: 4/4
   481 | D:1      | Gained mutation: You sometimes gain a little power by
                  | taking damage. [demonic ancestry]
   481 | D:1      | Reached XP level 2. HP: 19/19 MP: 3/6
   694 | D:1      | Learned a level 2 spell: Blink
  1422 | D:2      | Found a faded altar of an unknown god.
  1657 | D:2      | Gained mutation: You are partially covered in yellow
                  | scales. (AC +2) [demonic ancestry]
  1657 | D:2      | Reached XP level 3. HP: 24/24 MP: 1/8
  1662 | D:2      | Learned a level 3 spell: Conjure Flame
  1666 | D:2      | Learned a level 3 spell: Mephitic Cloud
  2448 | D:2      | Gained mutation: You have a pair of small antennae on your
                  | head. [demonic ancestry]
  2448 | D:2      | Reached XP level 4. HP: 30/30 MP: 3/9
  2811 | D:2      | Reached skill level 4 in Spellcasting
  3000 | D:3      | Noticed a phantom
  3026 | D:3      | Found an ornate altar of the Wu Jian Council.
  4063 | D:4      | Found a radiant altar of Vehumet.
  4070 | D:4      | Gained mutation: A weak demonic guardian rushes to your
                  | aid. [demonic ancestry]
  4070 | D:4      | Reached XP level 5. HP: 34/35 MP: 4/11
  4071 | D:4      | Quit the game

Skill      XL: |  1  2  3  4 |
---------------+-------------+-----
Conjurations   | 2 3 |  3.5
Spellcasting   | 4 |  4.4
Dodging        | |  1.7
Stealth        | |  1.7
Summonings     | |  1.0
Translocations | |  0.8

Action                   |  1- 3 |  4- 6 || total
-------------------------+-------+-------++-------
Melee: Club              |    15 |       ||    15
 Cast: Magic Dart        |   104 |    43 ||   147
       Conjure Flame     |       |     1 ||     1
  Eat: Ration            |     1 |       ||     1
       Chunk             |     1 |     5 ||     6
Armor: Robe              |    16 |       ||    16
Dodge: Dodged            |    55 |    10 ||    65
